 Dungeon Crawl Stone Soup version 0.13.0-59-g13bd910 (webtiles) character file.

384 Chiseanne the Ducker (level 5, -9/44 HPs)
             Began as a Demigod Monk on Nov 21, 2013.
             Mangled by an iguana (10 damage)
             ... on Level 4 of the Dungeon.
             The game lasted 00:15:12 (4045 turns).

Chiseanne the Ducker (Demigod Monk)                 Turns: 4045, Time: 00:15:12

HP  -9/44        AC  9     Str 16      XL: 5   Next: 58%
MP   8/8         EV  8     Int 15      God:
Gold 131         SH  0     Dex 19      Spells:  0 memorised,  4 levels left

Res.Fire  : . . .   See Invis. : .   o - +3,+1 dagger (holy)
Res.Cold  : . . .   Warding    : .   i - +1 scale mail
Life Prot.: . . .   Conserve   : .   (no shield)
Res.Poison: .       Res.Corr.  : .   (no helmet)
Res.Elec. : .       Clarity    : .   (no cloak)
Sust.Abil.: . .     Spirit.Shd : .   v - +1 pair of gauntlets
Res.Mut.  : .       Stasis     : .   (no boots)
Res.Rott. : .       Flight     : .   (no amulet)
Saprovore : . . .                    (no ring)
                                     m - +1 ring of strength

@: slightly resistant to hostile enchantments, extremely unstealthy
A: no striking features
a: no special abilities


You were on level 4 of the Dungeon.
You were very hungry.

You visited 1 branch of the dungeon, and saw 4 of its levels.

You collected 131 gold pieces.

Inventory:

Hand weapons
 j - a +0,+0 halberd
 o - a +3,+1 dagger of holy wrath (weapon)
Missiles
 p - 4 javelins (quivered)
Armour
 i - a +1 scale mail (worn)
 v - a +1 pair of gauntlets (worn)
Comestibles
 b - 5 bread rations
 n - a meat ration
Scrolls
 h - 2 scrolls of remove curse {unknown}
 l - 2 scrolls of fog
 u - 2 scrolls of identify
Jewellery
 m - a +1 ring of strength (left hand)
 t - an uncursed ring of ice
Potions
 c - 2 potions of curing
 k - a potion of restore abilities
Books
 d - a book of Transfigurations

   Spells                             Type                      Level
   Stoneskin                          Transmutation/Earth          2
   Polymorph                          Hexes/Transmutation          4
   Ice Form                           Ice/Transmutation            4
   Statue Form                        Transmutation/Earth          6
   Dragon Form                        Transmutation                7
Miscellaneous
 a - a plain deck of dungeons {drawn: 6}


   Skills:
 * Level 3.3 Fighting
 * Level 0.8 Short Blades
 * Level 2.5 Armour
 * Level 4.7 Dodging
 - Level 1.7 Stealth
 - Level 3.6 Unarmed Combat
 * Level 0.2 Evocations


You had 4 spell levels left.
You didn't know any spells.

Dungeon Overview and Level Annotations

Branches:
Dungeon (4/27)
 Temple: D:4-7


Message History

Okay, then.
Throwing (i - inventory. (,) - cycle):
e - 2 poisoned darts (quivered)
Press: ? - help, Shift-Dir - straight line, f - iguana
Aim: an iguana (heavily wounded)
You throw a poisoned dart. The poisoned dart hits the iguana.
The iguana is heavily wounded.
The iguana bites you.
* * * LOW HITPOINT WARNING * * *
The iguana hisses menacingly.
The iguana bites you.
* * * LOW HITPOINT WARNING * * *
Throwing (i - inventory. (,) - cycle):
e - a poisoned dart (quivered)
Press: ? - help, Shift-Dir - straight line, f/p - iguana
Aim: an iguana (heavily wounded)
You throw a poisoned dart. The poisoned dart hits the iguana.
The iguana is poisoned.
The iguana is heavily wounded.
The iguana barely misses you. The iguana bites you!
You die...

#..##...........#...)#...##
#..##....#+######....#####
#..##../.#.......#.###
#..##....#######.#.#
#..##....#..)....#.#
#..##....#.####..#.#
#..##............#.#
#..########.####.#.#
#........l@.<....#.#
#..##.######.....#.#
#..##.#.. +.....+.#
#..##.#.# #..(..# #..##.#.#
#.....# #.....#.# #.....#
#.#####.# #.....# #.......#
#..... ######### #..


You could see an iguana.

Vanquished Creatures
  2 orc wizards (D:4)
  An iguana (D:4)
  Ijyb (D:4)
  4 gnolls (D:3)
  4 adders
  An inept feature mimic (D:4)
  A worm (D:2)
  2 giant geckos
  An ooze (D:2)
  8 orcs
  6 bats
  2 giant cockroaches
  6 goblins
  10 hobgoblins
  5 kobolds
  A ball python (D:2)
  A giant newt (D:3)
  2 jackals (D:2)
  A quokka (D:4)
  6 rats
65 creatures vanquished.

Notes
Turn   | Place    | Note
--------------------------------------------------------------
     0 | D:1      | Chiseanne, the Demigod Monk, began the quest for the Orb.
     0 | D:1      | Reached XP level 1. HP: 17/17 MP: 2/2
   251 | D:1      | Reached XP level 2. HP: 24/24 MP: 3/3
   996 | D:2      | Reached XP level 3. HP: 27/30 MP: 5/5
  1727 | D:2      | Found a sparkling altar of Nemelex Xobeh.
  1970 | D:3      | Reached skill level 4 in Dodging
  2064 | D:3      | Reached XP level 4. HP: 35/37 MP: 7/7
  2294 | D:3      | Reached skill level 1 in Armour
  2867 | D:4      | Reached XP level 5. HP: 21/44 MP: 8/8
  3283 | D:4      | Noticed Ijyb
  3307 | D:4      | Killed Ijyb
  4043 | D:4      | HP: 1/44 [iguana (3)]
  4045 | D:4      | Mangled by an iguana

Action                   |  1- 3 |  4- 6 || total
-------------------------+-------+-------++-------
Melee: Short sword       |    87 |       ||    87
       Unarmed           |    11 |     2 ||    13
       Dagger            |    93 |   217 ||   310
Throw: Dart              |     2 |     2 ||     4
       Javelin           |     1 |       ||     1
Evoke: Wand              |       |     7 ||     7
       Deck              |       |     6 ||     6
  Use: Potion            |     4 |     3 ||     7
       Scroll            |    12 |     6 ||    18
 Stab: Paralysed         |       |     1 ||     1
